Map: Stargazers

Players

A.I. 1 (Very Easy)

  • Race: Terran Terran
  • Spawn Location: 1:00

Sonk - Winner!

  • Race: Protoss Protoss
  • League: Silver
  • Spawn Location: 11:00

VOD

Have the link to the VOD?

Description

Time

  • Played on: Aug. 2, 2022, 10:53 p.m.
  • Length: 8:00
Show
View Real Time Build Order
Export as new Build Order

A.I. 1 (Very Easy) Terran 

Build Orders: Reaper Expand 

Get SALT Encoding   

  12  0:00  SCV  
  13  0:13  SCV  
  14  0:18  Supply Depot  
  14  0:41  Barracks  
  14  1:02  Command Center  
  14  1:27  Marine  
  14  1:30  Supply Depot, Orbital Command  
  15  1:36  Refinery  
  15  1:48  Refinery  
  15  1:56  SCV  
  16  2:08  SCV  
  17  2:14  SCV  
  18  2:16  Reaper  
  18  2:21  SCV  
  20  2:28  SCV  
  21  2:35  SCV  
  22  2:40  Refinery  
  22  2:42  SCV  
  23  2:50  SCV  
  24  2:57  SCV  
  25  3:03  Marine  
  25  3:04  SCV  
  27  3:11  SCV  
  28  3:18  SCV  
  28  3:19  Factory  
  29  3:40  Refinery  
  29  3:42  SCV  
  30  3:50  SCV  
  30  3:51  Marine  
  30  3:52  Supply Depot  
  32  3:57  SCV  
  33  4:04  SCV  
  33  4:06  Starport  
  34  4:11  SCV, Barracks Tech Lab  
  35  4:18  SCV  
  36  4:25  SCV  
  36  4:29  Supply Depot  
  37  4:32  SCV  
  38  4:40  Marauder, SCV  
  38  4:43  Starport Tech Lab  
  41  4:47  SCV  
  42  4:54  SCV  
  43  5:01  SCV  
  43  5:03  Raven  
  46  5:09  SCV  
  47  5:16  SCV  
  48  5:27  Marine  
  49  5:46  Raven  
  51  6:15  Marine  
  52  7:04  Marauder  
  47  7:16  Supply Depot  
  47  7:19  SCV  
  26  7:34  SCV  
  23  7:46  SCV  
Show
View Real Time Build Order
Export as new Build Order

Sonk Protoss - Winner!

Build Orders: 1 Gate Expand, Zealot Archon 

Get SALT Encoding   

  12  0:00  Probe  
  13  0:12  Probe  
  14  0:19  Pylon  
  14  0:24  Probe  
  15  0:37  Probe (Chrono Boost)  
  15  0:38  Gateway  
  16  0:49  Probe (Chrono Boost)  
  17  0:50  Assimilator  
  17  0:54  Probe (Chrono Boost)  
  18  1:03  Probe  
  19  1:23  Nexus  
  19  1:30  Cybernetics Core  
  19  1:32  Probe  
  20  1:38  Assimilator  
  20  1:47  Pylon  
  20  1:48  Probe  
  21  1:57  Warp Gate  
  21  2:00  Probe  
  22  2:08  Stalker (Chrono Boost)  
  22  2:12  Probe  
  25  2:25  Probe (Chrono Boost)  
  26  2:31  Stalker  
  26  2:35  Probe (Chrono Boost)  
  30  2:43  Probe (Chrono Boost)  
  31  2:44  Probe (Chrono Boost)  
  31  2:49  Probe (Chrono Boost), Robotics Facility  
  31  2:56  Probe  
  33  3:01  Probe  
  33  3:03  Gateway  
  34  3:06  Gateway  
  34  3:08  Probe  
  35  3:13  Probe  
  35  3:15  Stalker  
  38  3:20  Probe  
  38  3:25  Probe  
  40  3:33  Probe  
  41  3:36  Pylon  
  41  3:37  Probe  
  42  3:41  Twilight Council  
  42  3:45  Probe  
  42  3:47  Pylon  
  43  3:49  Probe  
  43  3:50  Observer (Chrono Boost)  
  45  3:57  Probe  
  45  4:01  Probe  
  45  4:02  Assimilator  
  47  4:03  Immortal (Chrono Boost), Assimilator  
  47  4:09  Probe  
  52  4:14  Probe  
  53  4:18  Charge (Chrono Boost)  
  53  4:32  Probe  
  53  4:35  Stalker x3  
  60  4:44  Probe  
  61  4:48  Pylon  
  61  5:02  Pylon  
  61  5:06  Immortal  
  65  5:20  Gateway  
  65  5:22  Gateway  
  65  5:25  Gateway  
  65  5:27  Gateway  
  65  5:30  Gateway  
  65  5:31  Gateway  
  65  5:33  Gateway  
  65  5:37  Pylon x2  
  65  5:41  Pylon  
  65  5:43  Pylon  
  65  5:45  Warp Prism (Chrono Boost), Pylon  
  65  5:47  Pylon  
  65  5:48  Zealot x2  
  71  5:55  Zealot  
  73  6:09  Zealot x2  
  77  6:18  Templar Archives  
  77  6:21  Zealot x2  
  77  6:22  Zealot x3  
  87  6:41  Pylon  
  87  6:53  High Templar  
  87  6:54  High Templar x7  
  97  6:58  Archon  
  97  6:59  Archon x3  
  103  7:27  Zealot x10  
Tags
 
Add a new tag
Caveats
  • Supply blocks, unpowered buildings, or Contaminate may cause inaccurate times.
  • Supply counts are checked every 10 seconds.